 Dungeon Crawl Stone Soup version 0.20-b1-2-gc5a9893 (webtiles) character file.

45003 MTVSty1e the Severer (level 13, -4/184 HPs)
             Began as a Minotaur Fighter on May 21, 2017.
             Was a High Priest of Okawaru.
             Slain by a catoblepas (8 damage)
             ... on level 6 of the Lair of Beasts.
             The game lasted 00:42:18 (17137 turns).

MTVSty1e the Severer (Minotaur Fighter)            Turns: 17137, Time: 00:42:19

Health: -4/184     AC: 26    Str: 24    XL:     13   Next: 99%
Magic:  10/16      EV:  2    Int:  5    God:    Okawaru [*****.]
Gold:   1216       SH:  0    Dex: 14    Spells: 12/12 levels left

rFire    . . .     SeeInvis .   G - +2 hand axe (elec)
rCold    . . .     Gourm    .   c - +1 shield
rNeg     + + +     Faith    .   (armour currently unavailable)
rPois    ∞         Spirit   .   (helmet currently unavailable)
rElec    .         Reflect  +   (cloak currently unavailable)
rCorr    .         Harm     .   (gloves currently unavailable)
MR       .....     NoTele   +   (boots currently unavailable)
Stlth    +++.......             n - +4 amulet of reflection
Regen    0.4/turn               (no ring)
MPRegen  0.2/turn               (no ring)

@: tree-form, petrified, heroism, finesse, barbed spikes, hasted
A: (retaliatory headbutt), agile 1, blurry vision 1, evolution 1
a: Heroism, Finesse, Renounce Religion


You were on level 6 of the Lair of Beasts.
You worshipped Okawaru.
Okawaru was extremely pleased with you.
You were not hungry.
You were a tree.
You visited 3 branches of the dungeon, and saw 17 of its levels.

You collected 1216 gold pieces.

Inventory:

Hand Weapons
 a - a +1 war axe
 h - a +0 falchion of flaming
 m - a +1 war axe of venom
 G - a +2 hand axe of electrocution (weapon)
Armour
 b - a +1 ring mail of positive energy
 c - a +1 shield (worn)
 A - the +1 hat of Least Resistance (melded) {Str-2 Dex+6 Slay+6 Stlth+}
   (Okawaru gifted it to you on level 9 of the Dungeon)

   It affects your strength (-2).
   It affects your dexterity (+6).
   It affects your accuracy and damage with ranged weapons and melee attacks
   (+6).
   It makes you more stealthy.
 F - a +0 cloak of invisibility (melded)
 L - a +0 plate armour (melded)
Jewellery
 n - a +4 amulet of reflection (around neck)
 z - an uncursed ring of wizardry
 I - an uncursed ring of ice
 K - an uncursed amulet of regeneration
Wands
 d - a wand of confusion (20/48)
 f - a wand of random effects (19/48)
 q - a wand of lightning (12/15)
 u - a wand of iceblast (0/15)
 v - a wand of confusion (12/48)
 B - a wand of digging (1/24)
 D - a wand of scattershot (0/9)
 H - a wand of flame (0/48)
 M - a wand of confusion (14/48)
Scrolls
 e - 7 scrolls of teleportation
 g - 8 scrolls of enchant weapon
 l - a scroll of blinking
 y - a scroll of fog
 E - a scroll of enchant armour
 J - 8 scrolls of remove curse
 O - a scroll of summoning {unknown}
 P - a scroll of identify
Potions
 i - 5 potions of curing
 s - a potion of cancellation
 w - 2 potions of brilliance
 x - a potion of haste
 C - a potion of flight
Books
 N - a book of Flames

   Spells                             Type                      Level
   a - Flame Tongue                   Conjuration/Fire             1
   b - Throw Flame                    Conjuration/Fire             2
   c - Conjure Flame                  Conjuration/Fire             3
   d - Inner Flame                    Hexes/Fire                   3
   e - Sticky Flame                   Conjuration/Fire             4
   f - Fireball                       Conjuration/Fire             5
Comestibles
 o - 12 fruits
 p - 22 royal jellies
 r - 5 meat rations


   Skills:
 + Level 13.9(18.9) Fighting
 * Level 15.4(20.4) Axes
 + Level 12.7(17.7) Armour
 + Level 12.3(17.3) Shields
 + Level 6.3 Invocations
 + Level 6.0 Evocations


You had 12 spell levels left.
You didn't know any spells.

Dungeon Overview and Level Annotations

Branches:
Dungeon (10/15)            Temple (1/1) D:5            Lair (6/6) D:8
  Swamp (0/4) Lair:4       Spider (0/4) Lair:3        Slime (0/5) Lair:5
    Orc: D:9-12

Altars:
Ashenzari
Cheibriados
Dithmenos
Elyvilon
Fedhas
Gozag
Hepliaklqana
Kikubaaqudgha
Makhleb
Nemelex Xobeh
Okawaru
Qazlal
Ru
Sif Muna
Trog
Uskayaw
Vehumet
Xom
Yredelemnul
Zin
The Shining One
Jiyva

Shops:
D:6 :

Annotations:
Lair:2 exclusion: 2 oklob plants


Innate Abilities, Weirdness & Mutations

((You reflexively headbutt those who attack you in melee.))
((You have a pair of horns on your head.))
((You have large cloven feet.))
You are agile. (Dex +2)
Scrolls take you a little longer to read.
You evolve.
((Your movements are slightly less encumbered by armour. (ER -2)))


Message History

You hit the spiny frog but do no damage.
You slash the manticore!
Lightning courses through the manticore!
You kill the manticore!
Okawaru accepts your kill.
You slash the plant!
You destroy the plant!
You are engulfed in calcifying dust.
Your limbs have turned to stone.
You have turned to stone.
You are engulfed in calcifying dust.
The spiny frog barely misses you. The catoblepas gores you!!
* * * LOW HITPOINT WARNING * * *
You are engulfed in calcifying dust.
The spiny frog stings you but does no damage.
The catoblepas gores you.
* * * LOW HITPOINT WARNING * * *
You are engulfed in calcifying dust.
The spiny frog stings you but does no damage.
The catoblepas gores you!
You die...

##### #....#......###......# #.
##......#....# #........#.
#....#.....####...#..<.##. ###
#P.....#....##.#..#....##.
#.######..###.#P.###.##..........
.#...##...#...##.##.# ..P.P#..##.
......#...#....###§# #..##.
.....##...#...###§# P.....
#.#..###..#.###.♣.## ####.P
.#...# #......#YF†.## #.#.
#...####....#.....#.# # ##
#.....##............# #.
#....####....#......# #. ....##
##..P#.###..## #. .#.#.#
#####...#...# ###. P....#
#...#...# ##... }....# #.......#
#...#


You could see a catoblepas and a spiny frog.

Vanquished Creatures
  Gastronok (Lair:2)
  Fannar (Lair:2)
  The ghost of NormalPerson7 the Geomancer, a journeyman KoEE of Vehumet (D:9)
  4 hydras
  A catoblepas (Lair:6)
  2 two-headed ogres (D:10)
  3 death yaks (Lair:6)
  An unseen horror (D:10)
  Pikel (D:6)
  A lindwurm (Lair:6)
  An orb spider (Lair:3)
  2 manticores (Lair:6)
  2 oklob plants (Lair:5)
  Maurice (D:10)
  3 elephants (Lair:5)
  Joseph (D:8)
  5 black mambas
  2 torpor snails (Lair:6)
  Psyche (D:8)
  A gargoyle (D:10)
  8 spiny frogs
  6 komodo dragons
  3 rime drakes (Lair:6)
  A queen bee (Lair:1)
  20 blink frogs
  7 hippogriffs
  8 dream sheep
  41 yaks
  The ghost of turnburgler the Shield-Bearer, an amateur MiFi (D:3)
  A fire elemental (Lair:4)
  A basilisk (Lair:6)
  Edmund (D:6)
  11 water moccasins
  Duvessa (D:7)
  15 porcupines
  4 sky beasts
  2 hell hounds (D:8)
  3 ice beasts
  4 orc warriors
  2 slaves (D:6)
  2 black bears
  3 phantoms
  6 ogres
  12 wolves
  A centaur (D:10)
  6 crocodiles
  3 big kobolds (D:8)
  12 bullfrogs
  A scorpion (D:8)
  Dowan (D:7)
  24 killer bees (Lair:1)
  10 wights
  A howler monkey (D:9)
  2 electric eels (Lair:3)
  2 crimson imps
  A lava snake (Lair:4)
  A quasit (D:9)
  A centaur zombie (D:6)
  4 hounds
  9 orc wizards
  A centaur skeleton (D:7)
  3 orc priests
  2 jellies
  7 hell rats (Lair:6)
  3 iguanas
  3 worker ants
  A killer bee zombie (D:7)
  3 hound skeletons
  A howler monkey skeleton (D:10)
  10 adders
  2 oozes (D:1)
  An adder zombie (D:6)
  An adder skeleton (D:6)
  2 worms
  2 dart slugs
  6 leopard geckos
  32 orcs
  4 giant cockroaches
  6 hobgoblins
  4 jackals (D:10)
  3 kobolds
  3 quokkas
  5 ball pythons
  9 bats
  8 frilled lizards
  8 goblins
  A leopard gecko zombie (D:5)
  A quokka zombie (D:8)
  6 rats
  2 bushes (D:2)
  6 fungi
  7 plants
430 creatures vanquished.

Vanquished Creatures (others)
  A wizard (D:9)
  A slave (D:6)
  A centaur (D:7)
  An adder (D:6)
  4 orcs
  3 kobolds (D:6)
  15 fungi
  10 plants
36 creatures vanquished.

Grand Total: 466 creatures vanquished

Notes
Turn   | Place    | Note
-------+----------+-------------------------------------------
     0 | D:1      | MTVSty1e the Minotaur Fighter began the quest for the Orb.
     0 | D:1      | Reached XP level 1. HP: 19/19 MP: 0/0
    73 | D:1      | Reached XP level 2. HP: 27/27 MP: 1/1
    95 | D:1      | Reached skill level 3 in Axes
   556 | D:2      | Reached XP level 3. HP: 27/33 MP: 2/2
   836 | D:2      | Reached XP level 4. HP: 41/41 MP: 3/3
   983 | D:2      | Found a shadowy altar of Dithmenos.
  1174 | D:2      | Noticed a sky beast
  1181 | D:2      | Killed a sky beast
  1181 | D:2      | Reached skill level 5 in Fighting
  1181 | D:2      | Reached skill level 4 in Axes
  1181 | D:2      | Reached XP level 5. HP: 38/48 MP: 4/4
  1185 | D:2      | Gained mutation: You are occasionally teleported next to monsters. [mutagenic meat]
  1402 | D:3      | Noticed turnburgler's ghost (amateur MiFi)
  1416 | D:3      | Killed turnburgler's ghost
  1416 | D:3      | Reached skill level 5 in Shields
  1416 | D:3      | Reached XP level 6. HP: 34/57 MP: 5/5
  1692 | D:3      | Reached skill level 5 in Armour
  1775 | D:3      | You fall through a shaft!
  1871 | D:4      | Reached skill level 5 in Axes
  1871 | D:4      | Reached XP level 7. HP: 54/64 MP: 6/6
  2797 | D:5      | Entered Level 5 of the Dungeon
  2798 | D:5      | Found a sacrificial altar of Ru.
  3149 | D:5      | Reached XP level 8. HP: 26/74 MP: 7/7
  3533 | D:5      | Found a staircase to the Ecumenical Temple.
  3544 | Temple   | Entered the Ecumenical Temple
  3662 | Temple   | Became a worshipper of Warmaster Okawaru
  3805 | D:5      | Reached skill level 6 in Axes
  4183 | D:6      | Noticed Pikel
  4197 | D:6      | Killed Pikel
  4197 | D:6      | Reached * piety under Okawaru
  4601 | D:6      | Noticed Edmund
  4635 | D:6      | Killed Edmund
  4637 | D:6      | Reached ** piety under Okawaru
  4637 | D:6      | Reached XP level 9. HP: 37/85 MP: 5/8
  4649 | D:6      | Reached skill level 7 in Axes
  5165 | D:6      | Found Xouzas's Book Shoppe.
  5268 | D:6      | Lost mutation: You are occasionally teleported next to monsters. [potion of mutation]
  5268 | D:6      | Gained mutation: You do not regenerate when monsters are visible. [potion of mutation]
  5268 | D:6      | Gained mutation: You are partially covered in thin metallic scales. (AC +2) [potion of mutation]
  5268 | D:6      | Gained mutation: Your system is resistant to poisons. (rPois) [potion of mutation]
  5432 | D:7      | Noticed Duvessa
  5433 | D:7      | Noticed Dowan
  5439 | D:7      | Killed Dowan
  5452 | D:7      | Killed Duvessa
  5452 | D:7      | Reached skill level 10 in Fighting
  6266 | D:8      | Reached skill level 8 in Axes
  6275 | D:8      | Reached *** piety under Okawaru
  6533 | D:8      | Noticed a three-headed hydra
  6540 | D:8      | Killed a one-headed hydra
  6540 | D:8      | Reached **** piety under Okawaru
  6540 | D:8      | Reached skill level 9 in Axes
  6540 | D:8      | Reached XP level 10. HP: 87/94 MP: 9/9
  6628 | D:8      | Noticed Joseph
  6636 | D:8      | Killed Joseph
  6858 | D:8      | Found a staircase to the Lair.
  6915 | D:8      | Noticed Psyche
  6931 | D:8      | Killed Psyche
  6931 | D:8      | Reached skill level 10 in Axes
  7442 | D:9      | Reached ***** piety under Okawaru
  7616 | D:9      | Received a gift from Okawaru
  7620 | D:9      | Got an ichor-stained hat {god gift}
  7626 | D:9      | Identified the +1 hat of Least Resistance {Str-2 Dex+6 Slay+6 Stlth+} (Okawaru gifted it to you on level 9 of the Dungeon)
  7649 | D:9      | Noticed NormalPerson7's ghost (journeyman KoEE)
  7662 | D:9      | Killed NormalPerson7's ghost
  7662 | D:9      | Reached skill level 11 in Axes
  7696 | D:9      | Reached XP level 11. HP: 103/103 MP: 10/10
  7744 | D:9      | Found a bloodstained altar of Trog.
  7745 | D:9      | Noticed a wizard
  7750 | D:9      | Killed a wizard
  8204 | D:10     | Entered Level 10 of the Dungeon
  8234 | D:10     | Reached skill level 10 in Armour
  8241 | D:10     | Noticed Maurice
  8263 | D:10     | Killed Maurice
  8409 | D:10     | Noticed a two-headed ogre
  8415 | D:10     | Killed a two-headed ogre
  8415 | D:10     | Reached skill level 10 in Shields
  8415 | D:10     | Reached skill level 1 in Invocations
  8525 | D:10     | Killed an unseen horror
  8667 | D:10     | Noticed a two-headed ogre
  8674 | D:10     | Killed a two-headed ogre
  8674 | D:10     | Reached skill level 12 in Axes
  8674 | D:10     | Reached skill level 1 in Evocations
  8823 | Lair:1   | Entered Level 1 of the Lair of Beasts
  8857 | Lair:1   | Lost mutation: Your system is resistant to poisons. (rPois) [potion of mutation]
  8857 | Lair:1   | Lost mutation: You do not regenerate when monsters are visible. [potion of mutation]
  8857 | Lair:1   | Lost mutation: You are partially covered in thin metallic scales. (AC +2) [potion of mutation]
  8857 | Lair:1   | Gained mutation: Your system is resistant to poisons. (rPois) [potion of mutation]
  8857 | Lair:1   | Gained mutation: You are somewhat resistant to further mutation. [potion of mutation]
  9278 | Lair:1   | Reached XP level 12. HP: 79/113 MP: 13/13
  9374 | Lair:1   | Reached ****** piety under Okawaru
 10100 | Lair:2   | Reached skill level 13 in Axes
 10382 | Lair:2   | Noticed Gastronok
 10397 | Lair:2   | Killed Gastronok
 10397 | Lair:2   | Received a gift from Okawaru
 10715 | Lair:2   | Noticed Fannar
 10732 | Lair:2   | Killed Fannar
 12686 | Lair:3   | Found a hole to the Spider Nest.
 13332 | Lair:4   | Reached skill level 5 in Invocations
 13370 | Lair:4   | Found a staircase to the Swamp.
 13496 | Lair:4   | Reached skill level 14 in Axes
 13716 | Lair:4   | Reached XP level 13. HP: 111/122 MP: 15/15
 14141 | Lair:5   | Lost mutation: You are somewhat resistant to further mutation. [potion of mutation]
 14141 | Lair:5   | Lost mutation: Your system is resistant to poisons. (rPois) [potion of mutation]
 14141 | Lair:5   | Gained mutation: Your movements are slightly less encumbered by armour. (ER -2) [potion of mutation]
 14141 | Lair:5   | Gained mutation: Scrolls take you a little longer to read. [potion of mutation]
 14141 | Lair:5   | Gained mutation: You are agile. (Dex +2) [potion of mutation]
 14141 | Lair:5   | Gained mutation: You evolve. [potion of mutation]
 14271 | Lair:5   | Gained mutation: You have large cloven feet. [evolution]
 14389 | Lair:5   | Reached skill level 5 in Evocations
 14658 | Lair:5   | Found a viscous altar of Jiyva.
 14659 | Lair:5   | Found a staircase to the Slime Pits.
 14972 | Lair:5   | Received a gift from Okawaru
 15245 | Lair:6   | Entered Level 6 of the Lair of Beasts
 15612 | Lair:6   | Received a gift from Okawaru
 15624 | Lair:6   | Reached skill level 15 in Axes
 15627 | Lair:6   | Received a gift from Okawaru
 17126 | Lair:6   | HP: 6/123 [spiny frog (11)]
 17135 | Lair:6   | HP: 4/184 [catoblepas (11)]
 17137 | Lair:6   | Slain by a catoblepas

Skill      XL: |  1  2  3  4  5  6  7  8  9 10 11 12 13 |
---------------+----------------------------------------+-----
Axes           | 3 4 5 6 9 11 12 14 15 | 15.4
Fighting       | 4 5 6 8 9 10 11 12 13 | 13.9
Shields        | 4 5 6 7 8 9 10 11 12 | 12.3
Armour         | 4 5 7 8 9 10 11 12 | 12.7
Invocations    | 3 5 6 |  6.3
Evocations     | 2 4 6 |  6.0

Action                   |  1- 3 |  4- 6 |  7- 9 | 10-12 | 13-15 || total
-------------------------+-------+-------+-------+-------+-------++-------
Melee: War axe           |    67 |   162 |   253 |   176 |       ||   658
       Headbutt          |    10 |    43 |    49 |   109 |    80 ||   291
       Falchion          |       |       |     5 |     4 |    22 ||    31
       Hand axe          |       |       |       |   304 |   224 ||   528
       Kick              |       |       |       |       |   114 ||   114
Invok: Heroism           |       |       |     3 |     4 |     5 ||    12
       Finesse           |       |       |       |     2 |     4 ||     6
Evoke: Wand              |       |       |       |    13 |     7 ||    20
  Use: Potion            |       |     1 |     2 |     3 |    10 ||    16
       Scroll            |       |       |    14 |    11 |     1 ||    26
 Stab: Sleeping          |       |       |       |     1 |       ||     1
       Petrifying        |       |       |       |       |     1 ||     1
       Petrified         |       |       |       |       |     1 ||     1
  Eat: Meat ration       |       |     1 |       |     2 |     1 ||     4
       Chunk             |       |     1 |       |       |       ||     1
       Royal jelly       |       |       |     2 |       |       ||     2
       Bread ration      |       |       |     3 |     3 |     1 ||     7
Armor: Scale mail        |    27 |    26 |    50 |   106 |       ||   209
       Skin              |       |       |       |     1 |     7 ||     8
       Plate armour      |       |       |       |     2 |   111 ||   113
Dodge: Dodged            |    15 |    24 |    66 |    78 |    50 ||   233
Block: Shield            |    44 |    62 |   211 |   307 |   182 ||   806
       Reflection        |       |       |     5 |     8 |     4 ||    17
       Rpst.: Falchion   |       |       |       |       |     3 ||     3
